[Event "*** Titled Tuesday Blitz"]
[Site "Chess.com"]
[Date "2018.06.05"]
[Round "2"]
[White "leoo2001"]
[Black "Alexandr_Predke"]
[Result "1-0"]
[WhiteElo "2150"]
[BlackElo "2638"]
[TimeControl "180+2"]
[EndTime "13:24:05 PDT"]
[Termination "leoo2001 won by resignation"]

1. e4 e5 2. Bc4 Nc6 3. d3 Nf6 4. Nc3 Be7 5. f4 d6 6. Nf3 Bg4 7. O-O O-O 8. h3 Bxf3 9. Qxf3 Nd4 10. Qf2 c6 11. fxe5 dxe5 12. Be3 b5 13. Bb3 a5 14. a3 a4 15. Ba2 Bc5 16. Ne2 Nxe2+ 17. Qxe2 Qb6 18. Bxc5 Qxc5+ 19. Kh2 Ne8 20. c3 Qe7 21.
Rf2 Nd6 22. Raf1 Kh8 23. Qe3 f6 24. g4 Qa7 25. Qxa7 Rxa7 26. g5 Ne8 27. h4 Rd7 28.
Rf3 h6 29. Kg2 Rd6 30. Kf2 g6 31. Ke3 Kg7 32. d4 exd4+ 33. cxd4 Rd7 34. Rc1 Rc7 35.
e5 hxg5 36. hxg5 fxg5 37. Rxf8 Kxf8 38. Bb1 Rh7 39. Rxc6 Rh3+ 40. Kd2 Rh2+ 41. Kc3 g4 42. Rxg6 Rh3+ 43. Bd3 g3 44. d5 Ng7 45. d6 Nh5 46.
e6 Nf4 47. Rf6+ 1-0

[Event "*** Titled Tuesday Blitz"]
[Site "Chess.com"]
[Date "2018.06.05"]
[Round "2"]
[White "mishanick"]
[Black "GMBenjaminBok"]
[Result "1-0"]
[WhiteElo "2840"]
[BlackElo "2569"]
[TimeControl "180+2"]
[EndTime "13:24:08 PDT"]
[Termination "mishanick won by resignation"]

1. d4 d5 2. c4 e6 3. Nf3 Nf6 4. Nc3 c6 5. Bg5 h6 6. Bh4 dxc4 7. e4 g5 8. Bg3 b5 9. Be2 Bb7 10. h4 g4 11. Ne5 Nbd7 12. Nxg4 Nxg4 13. Bxg4 Nf6 14. Bf3 Rg8 15. Qd2 Qb6 16. Be5 Nd7 17.
Bf4 O-O-O 18. Rd1 Be7 19. Bxh6 c5 20. Be3 cxd4 21. Bxd4 Bc5 22. Qe3 e5 23. Bxc5 Nxc5 24.
Rxd8+ Rxd8 25. O-O Nd3 26. Qxb6 axb6 27. Nxb5 Nxb2 28.
Rc1 Ba6 29. Nc3 Rd2 30. h5 Nd3 31. Rb1 Rc2 32. h6 Nf4 33. Nd5 Ng6 34. Rxb6 Bb7 35. Rxg6 fxg6 36. h7 1-0

[Event "*** Titled Tuesday Blitz"]
[Site "Chess.com"]
[Date "2018.06.05"]
[Round "2"]
[White "Blackmind96"]
[Black "Arash-Tiger"]
[Result "1/2-1/2"]
[WhiteElo "2559"]
[BlackElo "2787"]
[TimeControl "180+2"]
[EndTime "13:24:09 PDT"]
[Termination "Game drawn by agreement"]

1. d4 Nf6 2. Nf3 g6 3. g3 Bg7 4.
Bg2 O-O 5. O-O d6 6. b3 c5 7.
Bb2 cxd4 8. Nxd4 d5 9. c4 dxc4 10. bxc4 Qb6 11. Qb3 Nfd7 12. e3 e5 13. Nb5 Nc5 14.
Qa3 Be6 15. Nd2 Rd8 16. Nb3 Nba6 17. Rfc1 Nd3 18. Rc2 Bf8 19. Qa5 Nab4 20. Rd2 Bxc4 21. Qxb6 axb6 22. Nc3 Rac8 23. Rad1 Bxb3 24. axb3 Nxb2 25.
Rxb2 Rxd1+ 26. Nxd1 Rc1 27. Rd2 Nc6 28. Bf3 f5 29.
Rd7 e4 30. Be2 Ne5 31. Rxb7 Bc5 32. b4 Nf3+ 33. Kg2 Bxb4 34. Rxb6 Bc5 35. Rb3 Be7 36. Rc3 Rxc3 37. Nxc3 1/2-1/2

[Event "*** Titled Tuesday Blitz"]
[Site "Chess.com"]
[Date "2018.06.05"]
[Round "2"]
[White "BilodeauA"]
[Black "Aygehovit1992"]
[Result "1-0"]
[WhiteElo "2708"]
[BlackElo "2513"]
[TimeControl "180+2"]
[EndTime "13:24:11 PDT"]
[Termination "BilodeauA won by checkmate"]

1. e4 c5 2. Nf3 d6 3. d4 cxd4 4. Nxd4 Nf6 5. Nc3 Nc6 6. Bc4 Qb6 7. Nxc6 bxc6 8. O-O e5 9. b3 Be7 10. Be3 Qc7 11. h3 O-O 12. Qe2 Bb7 13. Rad1 Rad8 14. Bg5 h6 15. Bh4 Qa5 16. Na4 Rfe8 17. Bd3 d5 18. c4 Nxe4 19. Bxe7 Rxe7 20. Bxe4 dxe4 21. Rxd8+ Qxd8 22. Nc5 f5 23. Rd1 Qe8 24. Qd2 Bc8 25.
Qa5 Bd7 26. Qxa7 Be6 27. Qb6 Kh7 28. Rd8 Qh5 29. Qb8 Qe2 30. Rh8+ Kg6 31. Qxe5 Qe1+ 32. Kh2 Qxf2 33. Nxe6 e3 34. Nf4+ Kf7 35. Qxf5# 1-0

[Event "*** Titled Tuesday Blitz"]
[Site "Chess.com"]
[Date "2018.06.05"]
[Round "2"]
[White "Colombiano07"]
[Black "kikoveiga"]
[Result "1-0"]
[WhiteElo "2232"]
[BlackElo "2163"]
[TimeControl "180+2"]
[EndTime "13:24:11 PDT"]
[Termination "Colombiano07 won by resignation"]

1. e4 c5 2. Nc3 Nc6 3. Bb5 d6 4. Bxc6+ bxc6 5. f4 g6 6. Nf3 Bg7 7. O-O Rb8 8. d3 Nh6 9. Qe1 O-O 10. Qh4 e6 11. Ng5 d5 12. Rb1 f6 13. Nf3 Nf7 14. Bd2 f5 15. Qxd8 Rxd8 16. e5 Ba6 17. Na4 Bf8 18. Ba5 Rd7 19. b3 Bb5 20. Nc3 h6 21.
h4 Be7 22. g3 Nd8 23. Ne2 Nb7 24. Bd2 Bd8 25. c4 Ba6 26. Rbc1 Bb6 27. Nc3 Rbd8 28.
Rf2 Ba5 29. Kf1 Kf7 30. Ke2 Bb4 31. Rff1 Ba3 32. Rc2 Bb4 33. a3 Ba5 34. Na4 Bxd2 35. Rxd2 Rc8 36. Rc1 Rdc7 37. Rdc2 Ke7 38. Ke3 Kd7 39.
h5 gxh5 40. Rh1 Na5 41. Rb2 Ke7 42. Nxc5 dxc4 43. Nxa6 c3 1-0

[Event "*** Titled Tuesday Blitz"]
[Site "Chess.com"]
[Date "2018.06.05"]
[Round "2"]
[White "tteshan"]
[Black "Makalexa"]
[Result "1-0"]
[WhiteElo "1984"]
[BlackElo "2041"]
[TimeControl "180+2"]
[EndTime "13:24:11 PDT"]
[Termination "tteshan won by resignation"]

1. d4 Nf6 2. c4 g6 3. Nc3 Bg7 4. e4 d6 5. Be2 O-O 6. Bg5 Na6 7. Qd2 e5 8. d5 Qe8 9. f3 Nd7 10. h4 f6 11. Be3 f5 12. h5 f4 13. Bf2 Nf6 14.
h6 Bh8 15. Nh3 Bxh3 16. Rxh3 Qe7 17. O-O-O Rfd8 18. g3 fxg3 19. Rxg3 c6 20. Rdg1 cxd5 21. exd5 Kf7 22. Bd3 Rg8 23. Be3 Nc5 24. Bc2 b6 25.
Bg5 Rab8 26. Ne4 Rbc8 27. b4 Ncxe4 28. fxe4 Rxc4 29. Rf3 Ke8 30. Rgf1 Nxe4 31. Bxe7 Nxd2 32. Kxd2 Kxe7 33. Rf7+ Ke8 34. Ba4+ Kd8 35. Bc6 e4 36. Rxa7 Bc3+ 37. Ke2 Rh8 38. Rff7 Rxc6 39. dxc6 Ke8 40. Rfb7 Bf6 41. Ra8+ Bd8 42. Rd7 1-0

[Event "*** Titled Tuesday Blitz"]
[Site "Chess.com"]
[Date "2018.06.05"]
[Round "2"]
[White "x-3738459472"]
[Black "Zufi1811"]
[Result "1-0"]
[WhiteElo "2441"]
[BlackElo "2461"]
[TimeControl "180+2"]
[EndTime "13:24:12 PDT"]
[Termination "x-3738459472 won by resignation"]

1. e4 c5 2. Nc3 Nc6 3. Bb5 g6 4. Bxc6 bxc6 5. f4 Bg7 6. Nf3 d6 7. d3 f5 8. O-O Nh6 9. Qe2 Nf7 10. Bd2 O-O 11. Rae1 e6 12. Na4 Ba6 13. c4 Rb8 14. b3 e5 15. fxe5 Nxe5 16. Nxe5 Bxe5 17. exf5 gxf5 18. Rxf5 Qh4 19. Rg5+ Kh8 20. Rxe5 dxe5 21. Qxe5+ Kg8 22. Qe6+ Rf7 23. g3 Qd4+ 24. Re3 Rf8 25. Bc3 Qd7 26. Qxd7 Rxd7 27. Nxc5 Rdf7 28. Nxa6 Rf1+ 29.
Kg2 R8f2+ 30. Kh3 Rh1 31. Kg4 Rhxh2 32. Nc5 Rh6 33. Re6 Rxe6 34. Nxe6 Rxa2 35. d4 Rc2 36.
Bb4 Kf7 37. Ng5+ Kg6 38. Nf3 h5+ 39. Kf4 Rf2 40. Bc5 Kf6 41. d5 Rf1 42. dxc6 Ke6 43.
Bxa7 Kd6 44. Bd4 Kxc6 45. b4 Rc1 46. b5+ Kd6 47. c5+ Kd5 48. b6 Rb1 49. Be3 Kc6 50.
Ne5+ Kd5 51. c6 Rf1+ 52. Kg5 Kxe5 53. c7 1-0

[Event "*** Titled Tuesday Blitz"]
[Site "Chess.com"]
[Date "2018.06.05"]
[Round "2"]
[White "awesomevishesh"]
[Black "GMCanty"]
[Result "1-0"]
[WhiteElo "2097"]
[BlackElo "2202"]
[TimeControl "180+2"]
[EndTime "13:24:12 PDT"]
[Termination "awesomevishesh won by resignation"]

1. Nf3 c5 2. g3 g6 3. Bg2 Bg7 4. O-O Nc6 5. c4 d6 6. Nc3 e5 7. d3 Nge7 8. a3 a5 9. Rb1 h6 10. Ne1 Be6 11. Nc2 d5 12. cxd5 Nxd5 13. Ne3 Nde7 14. Nc4 O-O 15. Be3 b6 16. b4 axb4 17.
axb4 Bxc4 18. dxc4 cxb4 19. Nd5 Rb8 20. Nxe7+ Nxe7 21. Qxd8 Rfxd8 22. Rxb4 Nf5 23. Bxb6 Nd4 24. e3 Nc2 25. Rb3 Na3 26. Bd5 Rdc8 27. c5 Nc2 28. Rc1 Rd8 29. Bxd8 Rxd8 30. Rxc2 Rxd5 31. Rb8+ Kh7 32.
c6 Rd1+ 33. Kg2 1-0

[Event "*** Titled Tuesday Blitz"]
[Site "Chess.com"]
[Date "2018.06.05"]
[Round "2"]
[White "akashcheck"]
[Black "julinha97"]
[Result "1/2-1/2"]
[WhiteElo "2152"]
[BlackElo "2210"]
[TimeControl "180+2"]
[EndTime "13:24:13 PDT"]
[Termination "Game drawn - insufficient material"]

1. e4 c5 2. Nf3 d6 3. d4 cxd4 4. Nxd4 Nf6 5. Nc3 g6 6. Be3 Bg7 7. f3 O-O 8. Qd2 Nc6 9. Bc4 Bd7 10. O-O-O Rc8 11. Bb3 Nxd4 12. Bxd4 b5 13. Kb1 a5 14.
Nd5 Nxd5 15. Bxg7 Kxg7 16. Bxd5 e6 17. Bb3 a4 18. Qxd6 axb3 19. cxb3 Rc7 20. h4 Qc8 21. h5 Bc6 22. hxg6 fxg6 23. Qe5+ Kg8 24. Rc1 Rff7 25. Rc3 b4 26. Rc4 Be8 27. Rhc1 Rxc4 28. Rxc4 Qd7 29. Rd4 Qb5 30. Qxb5 Bxb5 31. Rxb4 Bf1 32. g4 Rxf3 33. g5 Rf4 34. Rb8+ Kg7 35. Rb7+ Rf7 36. Rb6 e5 37. Kc2 Rd7 38. Kc3 Rd3+ 39. Kc2 Rd7 40. Kc3 h6 41. gxh6+ Kxh6 42. a4 Kg7 43. a5 Ra7 44. b4 g5 45. Re6 g4 46. Rxe5 Kg6 47. Re6+ Kg5 48. Re5+ Kh4 49. Rf5 Bg2 50. Rf6 Bxe4 51. a6 g3 52. Rf4+ Kh3 53. Rxe4 g2 54. Re1 Rxa6 55. b5 Rg6 56. Kb4 g1=Q 57.
Rxg1 Rxg1 58. b6 Rg8 59. Ka5 Kg4 60. b7 Kf5 61. Kb6 Ke6 62. Ka7 Rg7 63. Ka8 Rg8+ 64. Ka7 Kd5 65. b4 Kc6 66. b8=Q Rxb8 67. Kxb8 Kb5 68. Kb7 Kxb4 1/2-1/2

[Event "*** Titled Tuesday Blitz"]
[Site "Chess.com"]
[Date "2018.06.05"]
[Round "2"]
[White "OparinGrigoriy"]
[Black "hitaman"]
[Result "1-0"]
[WhiteElo "2903"]
[BlackElo "2575"]
[TimeControl "180+2"]
[EndTime "13:24:15 PDT"]
[Termination "OparinGrigoriy won by resignation"]

1. Nf3 Nf6 2. g3 d5 3. Bg2 e6 4. O-O Be7 5. c4 O-O 6. b3 b6 7. Bb2 Bb7 8. e3 Nbd7 9. Nc3 Ne4 10. Qe2 Nxc3 11. Bxc3 Bf6 12. d4 c5 13. cxd5 Bxd5 14. Rfd1 cxd4 15. Bxd4 Bxd4 16. Rxd4 Qe7 17. Rad1 Nf6 18.
Ne5 Bxg2 19. Kxg2 Qb7+ 20. Qf3 Qxf3+ 21. Kxf3 Rfc8 22. g4 Kf8 23. g5 Nd5 24. e4 Ne7 25. Rd7 f6 26. gxf6 gxf6 27. Ng4 Kf7 28. Rb7 Rcb8 29.
Rbd7 Rc8 30. Rb7 Rc3+ 31. Ne3 Rc5 32. Rdd7 Re8 33. Rxa7 Rh5 34. Ng4 Rh3+ 35. Kg2 Rc3 36. Nh6+ Kf8 37. Rab7 Rc6 38. a4 Kg7 39. Ng4 Kf7 40.
b4 e5 41. b5 Rc1 42. Rxb6 Rg8 43. Kf3 1-0

[Event "*** Titled Tuesday Blitz"]
[Site "Chess.com"]
[Date "2018.06.05"]
[Round "2"]
[White "therealtrader"]
[Black "Micki-taryan"]
[Result "0-1"]
[WhiteElo "2612"]
[BlackElo "2822"]
[TimeControl "180+2"]
[EndTime "13:24:15 PDT"]
[Termination "Micki-taryan won by resignation"]

1. d4 Nf6 2. c4 e6 3. Nf3 b6 4. g3 Bb7 5. Bg2 Be7 6. O-O O-O 7.
Re1 d5 8. cxd5 exd5 9. Nc3 Nbd7 10. Bf4 c6 11. Rc1 Re8 12. Ne5 Nf8 13. e4 Ne6 14. Be3 Bb4 15. exd5 Nxd5 16. Bxd5 cxd5 17. Qa4 a5 18.
Nc6 Qd6 19. Nxb4 axb4 20. Nb5 Qe7 21. Qb3 Rec8 22. Bd2 Rc4 23. Rxc4 dxc4 24. Qxc4 Qd7 25. d5 Bxd5 26. Qxb4 Bc6 27. Nd6 Ra4 28. Qxb6 Qxd6 29. Bf4 Qd5 30. Qb8+ Nf8 31. Kf1 Ra8 32. Qd6 Qg2+ 33.
Ke2 Rxa2 34. Kd1 Ra1+ 35. Bc1 Qf3+ 36. Kc2 Qxf2+ 37. Qd2 Qxd2+ 38. Kxd2 Ne6 39. Re5 h6 40. b4 Ra2+ 41. Kd3 Rxh2 42. b5 Bb7 43. Be3 Rb2 44. Bg1 Kh7 45. Kc3 Rb1 46. Bf2 Kg6 47. Kc4 Rc1+ 48. Kb4 Rc2 49. Ba7 Nc7 50. Re7 Nd5+ 0-1

[Event "*** Titled Tuesday Blitz"]
[Site "Chess.com"]
[Date "2018.06.05"]
[Round "2"]
[White "Albertu"]
[Black "cool64chess"]
[Result "0-1"]
[WhiteElo "2317"]
[BlackElo "2254"]
[TimeControl "180+2"]
[EndTime "13:24:15 PDT"]
[Termination "cool64chess won by resignation"]

1. e4 e6 2. d4 d5 3. Nc3 Bb4 4. a3 Bxc3+ 5. bxc3 dxe4 6. Qg4 Nf6 7.
Qxg7 Rg8 8. Qh6 c5 9. Ne2 Nc6 10.
dxc5 Rg6 11. Qd2 Bd7 12. Ng3 Qa5 13. Rb1 O-O-O 14. Rb5 Qa4 15. Qe2 Nd5 16. Qxe4 Nxc3 17. Qxa4 Nxa4 18. Bd3 Ne5 19. Rb4 Nxd3+ 20. cxd3 Bc6 21.
O-O Rxd3 22. h4 Nc3 23. Kh2 Ne2 24. Bf4 Rg4 25. Be3 Nxg3 26. Rxg4 Nxf1+ 27. Kg1 Nxe3 28. fxe3 Rxe3 29. Rg7 f5 30. Rxh7 Rg3 31. h5 Rxg2+ 32.
Kf1 Rh2 33. h6 Be4 34. Kg1 Rh5 35. Kf2 e5 36. a4 f4 37. Re7 Kd8 0-1

[Event "*** Titled Tuesday Blitz"]
[Site "Chess.com"]
[Date "2018.06.05"]
[Round "2"]
[White "Buffy7"]
[Black "olomi007"]
[Result "0-1"]
[WhiteElo "2720"]
[BlackElo "2646"]
[TimeControl "180+2"]
[EndTime "13:24:16 PDT"]
[Termination "olomi007 won by resignation"]

1. d4 Nf6 2. c4 g6 3. Nc3 d5 4. Nf3 Bg7 5. cxd5 Nxd5 6. g3 Nxc3 7.
bxc3 b6 8. Bg2 Bb7 9. O-O O-O 10. Bb2 c5 11. c4 e6 12. e3 Nd7 13. a4 Rc8 14. Qb3 Qf6 15. Ne5 Nxe5 16. dxe5 Qe7 17. Bxb7 Qxb7 18. a5 Rfd8 19. Rfd1 Qc7 20. axb6 axb6 21.
Ra6 Rxd1+ 22. Qxd1 Bxe5 23. Bxe5 Qxe5 24. Rxb6 Ra8 25. Qf3 Ra7 26. Rc6 h5 27. h4 Kg7 28.
Kg2 Ra4 29. Rb6 Rxc4 30. Rb7 Qf5 31. Qxf5 exf5 32. Rc7 Rc1 33. Kf3 c4 34. Ke2 Rc2+ 35. Kf3 Kf6 36. Rc6+ Kg7 37. Rc7 c3 38. Rc6 Kf8 39.
Rc7 Ke8 40. Rc4 Ke7 41. Rc6 Kd7 42. Rc4 Kd6 43. Rc8 Kd5 44. Rc7 f6 45. Rc8 g5 46.
Rc7 g4+ 47. Kg2 Ke4 48. Rc6 Kd3 49. Rd6+ Ke2 50. Rxf6 Rd2 51. Rxf5 c2 52. Rc5 Kd1 0-1

[Event "*** Titled Tuesday Blitz"]
[Site "Chess.com"]
[Date "2018.06.05"]
[Round "2"]
[White "jlucasvf"]
[Black "maziarbagheri"]
[Result "1-0"]
[WhiteElo "2252"]
[BlackElo "2261"]
[TimeControl "180+2"]
[EndTime "13:24:16 PDT"]
[Termination "jlucasvf won by resignation"]

1. e4 e5 2. Nf3 Nc6 3. Bc4 Nf6 4. d3 Bc5 5. O-O d6 6. c3 Bg4 7. Nbd2 Qd7 8. b4 Bb6 9. a4 a5 10. b5 Ne7 11. Bb3 Ng6 12. Qe1 Nf4 13. h3 Nxd3 14.
Qd1 Bxh3 15. Ng5 Be6 16. Nxe6 fxe6 17. Nc4 Bxf2+ 18. Rxf2 Nxf2 19. Kxf2 Nxe4+ 20. Kg1 O-O 21. Nxe5 Qe7 22. Qg4 Nc5 23. Bg5 Qe8 24. Ba2 dxe5 25.
Re1 e4 26. Be3 Nd3 27. Bd4 Qg6 28. Rxe4 Qxg4 29. Rxg4 g6 30. Bxe6+ Rf7 31. Rg3 Nf4 32. Bxf7+ Kxf7 33. Rf3 g5 34. g3 Ke6 35. gxf4 g4 36.
f5+ Kd5 37. Rf4 h5 38. f6 Rf8 39. Rf5+ Ke6 40. Rxh5 1-0

[Event "*** Titled Tuesday Blitz"]
[Site "Chess.com"]
[Date "2018.06.05"]
[Round "2"]
[White "Max_Schachmann"]
[Black "FranklinAPalomo"]
[Result "0-1"]
[WhiteElo "2603"]
[BlackElo "2355"]
[TimeControl "180+2"]
[EndTime "13:24:16 PDT"]
[Termination "FranklinAPalomo won by resignation"]

1. e4 c5 2. Nf3 d6 3. Bb5+ Bd7 4. Bxd7+ Qxd7 5. c4 Nc6 6. Nc3 g6 7. d4 cxd4 8. Nxd4 Bg7 9. Be3 Nf6 10. f3 O-O 11. O-O Rfc8 12. Rc1 Nxd4 13. Bxd4 Rxc4 14. Qd3 Rc6 15.
Rfe1 Rac8 16. a4 a6 17. Red1 Qe6 18. Be3 Qb3 19. a5 Qxb2 20. Ne2 Rxc1 21. Bxc1 Qc2 22.
Qxc2 Rxc2 23. Nd4 Rc7 24. Be3 Nd7 25. Rb1 Bf6 26. h3 h5 27. Ne2 Kf8 28. Nf4 e6 29. Ne2 Ke7 30. g4 hxg4 31. hxg4 Nc5 32. g5 Bg7 33. Kg2 Kd7 34. Rh1 Kc6 35. Nd4+ Bxd4 36. Bxd4 Kb5 37. e5 d5 38. Rc1 Rc6 39. Kg3 Nb3 40. Rb1 Kb4 41. Bf2 Rc4 42. Be1+ Ka3 43. Rd1 d4 44. Kf4 Kb2 45. Bf2 Kc2 46. Rh1 d3+ 47.
Ke3 d2 48. Ke2 Nc1+ 49. Ke3 d1=Q 0-1

[Event "*** Titled Tuesday Blitz"]
[Site "Chess.com"]
[Date "2018.06.05"]
[Round "2"]
[White "BasilSmash"]
[Black "Jooonaaas1996"]
[Result "1-0"]
[WhiteElo "2404"]
[BlackElo "2270"]
[TimeControl "180+2"]
[EndTime "13:24:17 PDT"]
[Termination "BasilSmash won by resignation"]

1. d4 Nf6 2. Nf3 e6 3. Bf4 c5 4.
e3 d5 5. c3 Nc6 6. Nbd2 Bd6 7. Bg3 O-O 8. Bb5 Ne7 9. Bd3 Nf5 10.
Bxf5 exf5 11. Bxd6 Qxd6 12. dxc5 Qxc5 13. O-O Be6 14. Qa4 b5 15. Qd4 Qc7 16. a4 bxa4 17.
Rxa4 Rfb8 18. Ra2 Rb7 19. Rfa1 h6 20. g3 Ne4 21. Kg2 g5 22. Ra6 Rxb2 23. Nxe4 dxe4 24. Ne5 Rb7 25. Nc6 Rc8 26. Nxa7 Rd8 27. Qf6 Rf8 28. Qxh6 g4 29. Nc6 Re8 30. Nd4 Qxc3 31. Nxe6 Rxe6 32. Rxe6 fxe6 33. Ra8+ Kf7 1-0

[Event "*** Titled Tuesday Blitz"]
[Site "Chess.com"]
[Date "2018.06.05"]
[Round "2"]
[White "Gvalch"]
[Black "bugsbunny444"]
[Result "1-0"]
[WhiteElo "2612"]
[BlackElo "2322"]
[TimeControl "180+2"]
[EndTime "13:24:18 PDT"]
[Termination "Gvalch won by resignation"]

1. d4 e6 2. c4 b6 3. e4 Bb7 4.
Bd3 Bb4+ 5. Kf1 Be7 6. Nc3 d6 7.
Nf3 Nd7 8. g3 Bf6 9. Kg2 Ne7 10.
Re1 O-O 11. Bd2 a6 12. Rc1 c5 13. d5 Bd4 14. Nxd4 cxd4 15. Ne2 e5 16. b4 f5 17. f4 fxe4 18. Bxe4 Nf6 19. Qc2 b5 20. fxe5 dxe5 21. Bg5 bxc4 22. Bxf6 Rxf6 23. d6 Bxe4+ 24. Qxe4 Rxd6 25. Rxc4 Nd5 26. Kg1 Ne3 27. Rc5 Rd5 28.
Nc1 Rxc5 29. bxc5 Qe8 30. Nd3 Nc4 31. Qd5+ Qf7 32. Qxa8+ 1-0

[Event "*** Titled Tuesday Blitz"]
[Site "Chess.com"]
[Date "2018.06.05"]
[Round "2"]
[White "Grandelicious"]
[Black "Hrant_ChessMood"]
[Result "0-1"]
[WhiteElo "2587"]
[BlackElo "2937"]
[TimeControl "180+2"]
[EndTime "13:24:20 PDT"]
[Termination "Hrant_ChessMood won by resignation"]

1. e4 c6 2. d4 d5 3. e5 Bf5 4. h4 Qc7 5. h5 c5 6. dxc5 Nc6 7. Nc3 d4 8. Nb5 Qxe5+ 9. Ne2 O-O-O 10. Bf4 Qxc5 11. Ng3 Bxc2 12. Rc1 d3 13. Bxd3 Bxd1 14.
Rxc5 Rxd3 15. Nxa7+ Kd7 16. Nxc6 bxc6 17. Bd2 Bg4 18. Ra5 Nf6 19. Rh4 e6 20. Ra7+ Ke8 21. f3 Bd6 22. Ne2 Bb8 23. Ra8 Rd8 24. fxg4 Bg3+ 25. Nxg3 Rxa8 26. Bc3 h6 27. g5 hxg5 28. Rc4 Nxh5 29. Ne4 f6 30. Rxc6 Kf7 31. Nc5 Nf4 32. g3 Nd5 33. Bd2 Rxa2 34. b4 Rh1+ 0-1

[Event "*** Titled Tuesday Blitz"]
[Site "Chess.com"]
[Date "2018.06.05"]
[Round "2"]
[White "26andrej26"]
[Black "Gareth-Bale11"]
[Result "0-1"]
[WhiteElo "2367"]
[BlackElo "2454"]
[TimeControl "180+2"]
[EndTime "13:24:25 PDT"]
[Termination "Gareth-Bale11 won by resignation"]

1. e4 e5 2. f4 d5 3. exd5 exf4 4. Nf3 Nf6 5. Bc4 Nxd5 6. O-O Be7 7. d4 O-O 8. Bb3 Bg4 9. c4 Ne3 10. Bxe3 fxe3 11. Qd3 Bf6 12. Nc3 Bxf3 13. Rxf3 Bxd4 14. Bc2 g6 15. Nd5 Nc6 16. Kh1 Bxb2 17. Rb1 Bg7 18. Qxe3 Nd4 19. Rf2 Re8 20. Qf4 f5 21. Bd3 c6 22.
Nb4 a5 23. Nc2 Ne6 24. Qg3 Nc5 25. Bf1 Ne4 26. Qf3 Nxf2+ 27. Qxf2 Qe7 28. c5 Rad8 29. h3 Kh8 30. Rb6 Rd1 31. Kh2 Qe5+ 32. g3 Rxf1 33.
Qxf1 Qe2+ 34. Qg2 Qxg2+ 35. Kxg2 Re2+ 36. Kf3 Rxc2 37. Rxb7 Be5 38. Rb6 Rc3+ 39. Ke2 Rxc5 40. Ra6 Bxg3 41. Kd3 h5 42. Kd4 Bf2+ 43. Kd3 Kg7 44.
Ra7+ Kh6 45. Ra6 h4 46. Ke2 Bg3 47. Kd3 Kg5 48. Kd4 Bf2+ 49. Kd3 Kf4 50. Ra8 g5 51.
Ke2 Bg3 52. Rd8 g4 53. Rd4+ Ke5 54. Ra4 gxh3 55. Kf3 h2 56. Kg2 Rc2+ 0-1

[Event "*** Titled Tuesday Blitz"]
[Site "Chess.com"]
[Date "2018.06.05"]
[Round "2"]
[White "Raja3401"]
[Black "dawtonlms"]
[Result "1-0"]
[WhiteElo "2377"]
[BlackElo "2409"]
[TimeControl "180+2"]
[EndTime "13:24:26 PDT"]
[Termination "Raja3401 won on time"]

1. e4 e6 2. d4 d5 3. Nd2 Nf6 4. e5 Nfd7 5. Bd3 c5 6. c3 b6 7.
Ne2 Ba6 8. Bxa6 Nxa6 9. O-O Be7 10. f4 O-O 11. f5 exf5 12. Rxf5 Nc7 13. Rf1 Ne6 14. Nf3 cxd4 15. cxd4 Rc8 16. Bd2 Qc7 17. Rc1 Qb7 18. Ng3 Rxc1 19. Bxc1 Rc8 20. Nf5 Bf8 21. Ng5 Nxg5 22. Bxg5 Qc6 23. Qg4 Qe6 24. Qg3 Qg6 25.
Qg4 Qe6 26. Qf3 Rc2 27. h4 h6 28. Bc1 f6 29. Qg4 Kf7 30. h5 Qe8 31. Qg6+ 1-0

[Event "*** Titled Tuesday Blitz"]
[Site "Chess.com"]
[Date "2018.06.05"]
[Round "2"]
[White "Keranke"]
[Black "jacky72"]
[Result "1-0"]
[WhiteElo "2725"]
[BlackElo "2633"]
[TimeControl "180+2"]
[EndTime "13:24:27 PDT"]
[Termination "Keranke won by resignation"]

1. d4 Nf6 2. Bf4 g6 3. h3 Bg7 4. Nf3 d6 5. e3 O-O 6. Be2 c5 7. O-O Be6 8. c3 Qb6 9. Qc2 Nc6 10. Nbd2 Rac8 11. Rac1 cxd4 12. exd4 Nd5 13. Bh2 Nxd4 14. Nxd4 Bxd4 15. Nc4 Qd8 16. cxd4 b5 17. b3 Nb6 18. Rfe1 bxc4 19. bxc4 Bxc4 20. Bg4 Be6 21. Qe2 Bxg4 22. hxg4 Qd7 23. Rxc8 Rxc8 24. Bf4 Nd5 25. Bh6 Qe6 26. Qd1 Qf6 27. Qb3 e6 28. Qb7 Rd8 29. Rc1 Qe7 30. Rc8 Qe8 31. Rxd8 Qxd8 32. Qxa7 Nc3 33. a4 Ne2+ 34.
Kf1 Nc3 35. a5 Qc8 36. a6 Qc4+ 37. Kg1 Ne2+ 38. Kh2 Qc8 39. Qb7 Qd8 40. g3 Qe7 41.
Qxe7 1-0

[Event "*** Titled Tuesday Blitz"]
[Site "Chess.com"]
[Date "2018.06.05"]
[Round "2"]
[White "djamir"]
[Black "djano"]
[Result "1-0"]
[WhiteElo "2593"]
[BlackElo "2420"]
[TimeControl "180+2"]
[EndTime "13:24:28 PDT"]
[Termination "djamir won by resignation"]

1. d4 Nf6 2. Bf4 g6 3. h3 Bg7 4. e3 O-O 5. Nf3 c5 6. c3 b6 7. a4 d6 8. Nbd2 Bb7 9. Be2 Nbd7 10. O-O Re8 11. Bh2 Ne4 12. Nxe4 Bxe4 13. Nd2 Bc6 14. Bf3 Qc7 15. a5 Nf6 16. b4 cxd4 17. cxd4 Qd7 18.
Nc4 Rab8 19. axb6 axb6 20. Qe2 Bb5 21. Rfc1 Rec8 22. Qa2 Qe6 23. Be2 Nd5 24. Qb2 Qd7 25. Bg4 f5 26. Bf3 Qe6 27. Na3 Be8 28. b5 Bf7 29.
Rxc8+ Rxc8 30. Rc1 h5 31. Rc6 Qd7 32. Qc1 Ra8 33. Nc4 Nb4 34. Nxb6 Qe8 35. Nxa8 Qxa8 36.
Rc8+ 1-0

[Event "*** Titled Tuesday Blitz"]
[Site "Chess.com"]
[Date "2018.06.05"]
[Round "2"]
[White "vovachesss"]
[Black "kungmongmanh"]
[Result "0-1"]
[WhiteElo "2388"]
[BlackElo "2414"]
[TimeControl "180+2"]
[EndTime "13:24:29 PDT"]
[Termination "kungmongmanh won by resignation"]

1. e4 e6 2. d4 d5 3. Nc3 Nf6 4. exd5 exd5 5. Bd3 Be7 6. Nge2 Nc6 7. Bf4 Nb4 8. f3 Nxd3+ 9. Qxd3 c6 10. O-O-O O-O 11. g4 Ne8 12. h4 f5 13. Rdg1 Nd6 14. Kb1 b5 15. Be5 Bf6 16. Nf4 fxg4 17. Nh5 Bxe5 18. dxe5 Nc4 19. Qd4 Qe7 20. e6 Bxe6 21. Re1 Rf7 22. Nf4 Rf6 23. fxg4 Qd7 24. Nh5 Rf7 25. Ne2 Bxg4 26. Nef4 Raf8 27. Rhg1 g6 28. Nxg6 hxg6 29. Rxg4 Kh7 30. Ng3 Nd2+ 31. Qxd2 Qxg4 32. Ne2 Rf1 33. Nc1 Rxe1 34. Qxe1 Rf7 35. a3 Qe4 36. Qh1 Qxh1 0-1

[Event "*** Titled Tuesday Blitz"]
[Site "Chess.com"]
[Date "2018.06.05"]
[Round "2"]
[White "Swarnapuri"]
[Black "tango_argentino"]
[Result "0-1"]
[WhiteElo "2436"]
[BlackElo "2455"]
[TimeControl "180+2"]
[EndTime "13:24:30 PDT"]
[Termination "tango_argentino won by resignation"]

1. d4 Nf6 2. Bf4 g6 3. e3 Bg7 4. Nf3 O-O 5. Be2 d6 6. O-O b6 7. h3 Bb7 8. a4 a6 9. Nbd2 Nfd7 10. Bh2 e5 11. c3 e4 12. Ne1 Qe7 13. b4 h5 14. Qb3 Nc6 15. Nc2 Nd8 16. b5 a5 17. c4 Ne6 18. Qa3 h4 19. Rac1 Ng5 20.
c5 bxc5 21. Nb3 cxd4 22. Ncxd4 Ne5 23. Bxe5 Bxe5 24. Nc6 Bxc6 25. Rxc6 Qd7 26. Bg4 f5 27. Be2 f4 28. exf4 Rxf4 29. Nd2 Raf8 30. Nc4 Bd4 31.
Ne3 Nxh3+ 32. gxh3 Qxh3 33. Qb3+ Kh8 34. Qc4 Be5 35. Qd5 R4f5 36. Ng4 Bh2+ 37. Nxh2 Rxd5 38. Rxc7 Rg5+ 0-1

[Event "*** Titled Tuesday Blitz"]
[Site "Chess.com"]
[Date "2018.06.05"]
[Round "2"]
[White "Jungle_Jaguar"]
[Black "asms9699"]
[Result "0-1"]
[WhiteElo "2458"]
[BlackElo "2454"]
[TimeControl "180+2"]
[EndTime "13:24:35 PDT"]
[Termination "asms9699 won by resignation"]

1. e4 e6 2. d4 d5 3. Nc3 Nf6 4. Bg5 Be7 5. e5 Nfd7 6. h4 Nc6 7. Nf3 h6 8. Bxe7 Qxe7 9. Bd3 Nb6 10. Qe2 Bd7 11.
O-O-O O-O-O 12. Kb1 Kb8 13. a3 Na5 14. Nd2 c5 15. Qe3 Rc8 16. Nb3 Nac4 17. Bxc4 Nxc4 18.
Qd3 Nxa3+ 19. bxa3 c4 20. Qd2 cxb3 21. cxb3 Qxa3 22.
Qb2 Qb4 23. Na2 Qe7 24. g3 f6 25. Rhe1 Be8 26. Rd2 Bg6+ 27. Ka1 Rc6 28. b4 Rhc8 29.
b5 Rc4 30. Rde2 fxe5 31. Rxe5 Rc2 32. Qb3 Qf6 33. f4 Be4 34. b6 axb6 35. Qxb6 R2c6 36. Qb4 Qd8 37. g4 Rb6 38. Qd2 Rc2 39. Qe3 Ra6 40.
Qb3 Raxa2+ 41. Qxa2 Rxa2+ 42. Kxa2 Qa5+ 43. Kb3 Qxe1 0-1